 Dungeon Crawl Stone Soup version 0.31.0-11-ge490571c62 (webtiles) character file.

Game seed: 4254701524150366285

34 qw the Shooter (level 3, -1/20 HPs)
             Began as a Deep Elf Hunter on Feb 4, 2024.
             Succumbed to their own poison gas
             ... on level 1 of the Dungeon.
             The game lasted 00:00:03 (948 turns).

qw the Shooter (Deep Elf Hunter)                     Turns: 948, Time: 00:00:04

Health: -1/20      AC:  3    Str: 10    XL:     3   Next: 14%
Magic:  5/5        EV: 12    Int: 13    God:
Gold:   55         SH:  0    Dex: 18    Spells: 2/2 levels left

rFire   . . .        a - +0 shortbow
rCold   . . .        (shield currently unavailable)
rNeg    . . .        c - +0 leather armour
rPois   .            (no helmet)
rElec   .            (no cloak)
rCorr   .            (no gloves)
SInv    .            (no boots)
Will    .....        (no amulet)
Stlth   ++           (no ring)
HPRegen 0.23/turn    (no ring)
MPRegen 0.09/turn

%: no passive effects
@: lethally poisoned (-1 -> -8)
A: no striking features
a: no special abilities


You were on level 1 of the Dungeon.
You visited 1 branch of the dungeon, and saw 1 of its levels.

You collected 55 gold pieces.


   Skills:
 - Level 1.5 Fighting
 + Level 6.7 Ranged Weapons
 - Level 2.4 Dodging
 - Level 1.2 Stealth


You had 2 spell levels left.
You didn't know any spells.
Your spell library was empty.

Inventory:

Hand Weapons
 a - a +0 shortbow (weapon)
Armour
 c - a +0 leather armour (worn)
Potions
 f - a potion of heal wounds

Dungeon Overview and Level Annotations

Branches:
Dungeon (1/15)

Altars:


Message History

Done exploring.
935 ||| READING scroll labelled RYENEGHOOGUE.
The air fills with toxic fumes!
As you read the scroll labelled RYENEGHOOGUE, it crumbles to dust.
It was a scroll of poison.
Done exploring.
936 ||| DROPPING scroll of butterflies.
You drop a scroll of butterflies.
Done exploring.
What level of the Dungeon? (default 1, ? - help) Sorry, I don't know how to get there.
Enter note:
Enter note:
Enter note:
Enter note:
Enter note:
Enter note:
Enter note:
Enter note:
Enter note:
Enter note:
Enter note:
Enter note: You are engulfed in poison gas.
You are poisoned.
You feel very sick.
938 ||| Stepping ~*~*~tactically~*~*~ (cloud).
You feel very sick.
You see here a scroll of butterflies.
939 ||| DRINKING potion of curing.
You feel better.
939 ||| (to cure poison)
You start resting.
HP restored.
You are engulfed in poison gas.
You are poisoned.
You feel very sick.
946 ||| Stepping ~*~*~tactically~*~*~ (cloud).
You feel very sick.
You see here a scroll of butterflies.
There is a lethal amount of poison in your body!
You feel very sick.
There is a lethal amount of poison in your body!
You die...

~#P7.~~~.7P#~##.......#
~#>..~8~..<#~##.#####.#
~#P7.~~~.7P#~##.#####.#
~#77..~..77#~#.....##.#
..7..7.7..7..##.##.##.#
.............##.##.##.#
.#.#77777#.#.##.......# #####
'###########'#####)#### #.... .#
#.#.# #..###@#.# #.### ##
##'#.###.###ยค#..# #.#
##........# ##.### #.#
##....)##### ##.# ##.#
##.......## ##..# #..##
#.........####...###########...##
'.........'......................
#.........####...###########...##
##.......## ##..# ##..##


There were no monsters in sight!

Vanquished Creatures
  2 endoplasms (D:1)
  7 giant cockroaches (D:1)
  3 hobgoblins (D:1)
  5 kobolds (D:1)
  3 ball pythons (D:1)
  7 bats (D:1)
  2 goblins (D:1)
  2 rats (D:1)
31 creatures vanquished.

Notes
Turn   | Place    | Note
-------+----------+-------------------------------------------
     0 | D:1      | qw the Deep Elf Hunter began the quest for the Orb.
     0 | D:1      | Reached XP level 1. HP: 12/12 MP: 3/3
     0 | D:1      | 0 ||| qw: Version: 0.3-a-160-g6735b56
     0 | D:1      | 0 ||| qw: Game counter: 5885
     0 | D:1      | 0 ||| qw: Melee chars always use a shield: true
     0 | D:1      | 0 ||| qw: God list: Okawaru
     0 | D:1      | 0 ||| qw: Allow faded altars: false
     0 | D:1      | 0 ||| qw: Do Orc after clearing Dungeon:15 true
     0 | D:1      | 0 ||| qw: Do second Lair branch before Depths: true
     0 | D:1      | 0 ||| qw: Lair rune preference: random
     0 | D:1      | 0 ||| qw: Goals: Normal
     0 | D:1      | 0 ||| PLANNING D:1-11
   109 | D:1      | Reached XP level 2. HP: 16/16 MP: 4/4
   114 | D:1      | Reached skill level 6 in Ranged Weapons
   512 | D:1      | Reached XP level 3. HP: 20/20 MP: 5/5
   933 | D:1      | 933 ||| READING 2 scrolls labelled MAOMUA ITUXOCO.
   933 | D:1      | 933 ||| IDENTIFYING purple potion
   934 | D:1      | 934 ||| READING scroll of identify.
   934 | D:1      | 934 ||| IDENTIFYING ruby potion
   935 | D:1      | 935 ||| READING scroll labelled RYENEGHOOGUE.
   936 | D:1      | 936 ||| DROPPING scroll of butterflies.
   938 | D:1      | 938 ||| Stepping ~*~*~tactically~*~*~ (cloud).
   939 | D:1      | 939 ||| DRINKING potion of curing.
   939 | D:1      | 939 ||| (to cure poison)
   946 | D:1      | 946 ||| Stepping ~*~*~tactically~*~*~ (cloud).
   946 | D:1      | HP: 4/20 [poisoned by you (poison gas)]
   947 | D:1      | HP: 1/20 [poisoned by you (poison gas)]
   948 | D:1      | Succumbed to their own poison gas

Levels and vault maps discovered:
D:1:      tarquinn_simple_flora_water_b, layout_loops_corners,
          minmay_worlds_worst_comb

Skill      XL: |  1  2 |
---------------+-------+-----
Ranged Weapons | 6 |  6.7
Fighting       | |  1.5
Dodging        | |  2.4
Stealth        | |  1.2

Action                     || total
---------------------------++-------
   Fire: Shortbow          ||    74
    Use: Scroll            ||     3
         Potion            ||     1
 Armour: Leather armour    ||    24
  Dodge: Dodged            ||    17

Table legend:
 A = Non-vault XP
 B = Vault XP
 C = Vault XP percentage of total XP
 D = Non-vault monster count
 E = Vault monster count
 F = Vault count percentage of total count
                 A         B        C        D         E       F
            +---------+---------+-------+---------+---------+-------
      Total |      39 |      10 |  20.4 |      26 |       5 |  16.1
            +---------+---------+-------+---------+---------+-------
        D:1 |      39 |      10 |  20.4 |      26 |       5 |  16.1
            +---------+---------+-------+---------+---------+-------
